 Dungeon Crawl Stone Soup version 0.24.0-10-g970556be89 (webtiles) character file.

Game seed: 3396870632597484934, levelgen mode: deterministic

169652 GordonOverkill the Severer (level 18, 0/138 HPs)
             Began as a Human Chaos Knight on Nov 4, 2019.
             Was a Plaything of Xom.
             Slain by a spark wasp (21 damage)
             ... on level 4 of the Spider Nest.
             The game lasted 01:35:08 (34194 turns).

GordonOverkill the Severer (Human Chaos Knight)    Turns: 34194, Time: 01:35:09

Health: 0/138      AC: 28    Str: 22      XL:     18   Next: 61%
Magic:  23/23      EV: 16    Int: 12 (14) God:    Xom [...*..]
Gold:   1372       SH:  6    Dex:  9 (12) Spells: 17/17 levels left

rFire    + . .     SeeInvis .   N - +5 broad axe (vamp)
rCold    + . .     Gourm    .   w - +2 buckler {AC+3}
rNeg     + . .     Faith    .   B - +1 chain mail {rC+}
rPois    +         Spirit   .   Q - +0 helmet of the Bagpipe {rPois rC- MR+}
rElec    +         Reflect  .   m - +2 cloak
rCorr    +         Harm     .   o - +2 pair of gloves
MR       +++++                  z - +1 pair of boots
Stlth    ..........             p - amulet of rage
HPRegen  0.33/turn              c - ring "Udiubutu" {rN+ Str+6}
MPRegen  0.18/turn              y - +5 ring of evasion

@: resistant, very slightly contaminated
A: fangs 1, rugged brown scales 1, clumsy 1, frail 1, magic resistance 3, sense
surroundings 1, weak 1, evolution 1
a: Renounce Religion, Evoke Berserk Rage


You were on level 4 of the Spider Nest.
You worshipped Xom.
You were a favourite toy of Xom.
You were not hungry.

You visited 5 branches of the dungeon, and saw 26 of its levels.
You also visited: Ossuary and Volcano.

You collected 2812 gold pieces.
You spent 1440 gold pieces at shops.

Inventory:

Hand Weapons
 a - a +4 scimitar of flaming
 b - a +2 whip of electrocution
 N - a +5 vampiric broad axe (weapon)
Missiles
 v - 2 javelins (quivered)
 V - 13 curare-tipped darts
Armour
 m - a +2 cloak (worn)
 o - a +2 pair of gloves (worn)
 w - a +2 buckler of protection (worn)
 z - a +1 pair of boots (worn)
 B - a +1 chain mail of cold resistance (worn)
 Q - the +0 helmet of the Bagpipe (worn) {rPois rC- MR+}
   (You found it on level 2 of the Lair of Beasts)

   It makes you vulnerable to cold.
   It protects you from poison.
   It affects your resistance to hostile enchantments.
Jewellery
 c - the ring "Udiubutu" (left hand) {rN+ Str+6}
   (You bought it in a shop on level 2 of the Orcish Mines)

   [ring of positive energy]

   It affects your strength (+6).
   It protects you from negative energy.
 p - an amulet of rage (around neck)
 u - an uncursed amulet of the acrobat {unknown}
 y - a +5 ring of evasion (right hand)
 D - an uncursed ring of protection from fire
Wands
 j - a wand of clouds (4)
 F - a wand of flame (10)
 L - a wand of digging (3)
 P - a wand of iceblast (24)
 U - a wand of acid (27)
 W - a wand of scattershot (6)
Scrolls
 f - 7 scrolls of magic mapping
 h - 4 scrolls of fear
 k - 3 scrolls of blinking
 s - 9 scrolls of teleportation
 A - a scroll of remove curse
 C - a scroll of silence
 E - 5 scrolls of fog
 I - 2 scrolls of brand weapon
 O - 3 scrolls of identify
 S - 4 scrolls of amnesia
 Y - a scroll of summoning
Potions
 d - 2 potions of agility
 l - 2 potions of magic
 n - a potion of heal wounds
 q - 4 potions of might
 r - 7 potions of brilliance
 t - a potion of mutation
 G - 5 potions of lignification
 H - a potion of curing
 J - 2 potions of haste
 K - a potion of flight
 M - 3 potions of cancellation
 Z - a potion of ambrosia
Miscellaneous
 g - a lamp of fire
Comestibles
 e - 44 rations
 x - a chunk of flesh


   Skills:
 - Level 15.0 Fighting
 - Level 18.0 Axes
 + Level 11.9 Throwing
 + Level 11.1 Armour
 + Level 7.8 Dodging
 - Level 4.0 Shields
 - Level 7.0 Evocations


You had 17 spell levels left.
You didn't know any spells.
Your spell library contained the following spells:

 Spells                   Type           Power        Failure   Level  Hunger
 Flame Tongue             Conj/Fire      #....        88%         1    ##.....
 Magic Dart               Conj           #...         88%         1    ##.....
 Sandblast                Erth           #.....       88%         1    ##.....
 Shock                    Conj/Air       #...         88%         1    ##.....
 Sting                    Conj/Pois      #...         88%         1    ##.....
 Blink                    Tloc           N/A          96%         2    ###....
 Call Imp                 Summ           #.......     96%         2    ###....
 Passwall                 Tmut/Erth      #.......     96%         2    ###....
 Poisonous Vapours        Pois/Air       #.....       96%         2    ###....
 Slow                     Hex            #.......     96%         2    ###....
 Sublimation of Blood     Necr           #.........   96%         2    ###....
 Swiftness                Chrm/Air       #.......     96%         2    ###....
 Throw Flame              Conj/Fire      #.....       96%         2    ###....
 Conjure Flame            Conj/Fire      #.......     99%         3    ####...
 Ignite Poison            Fire/Tmut/Pois #.......     99%         3    ####...
 Inner Flame              Hex/Fire       #.......     99%         3    ####...
 Mephitic Cloud           Conj/Pois/Air  #.......     99%         3    ####...
 Static Discharge         Conj/Air       #.......     99%         3    ####...
 Stone Arrow              Conj/Erth      #.....       99%         3    ####...
 Airstrike                Air            #.........   100%        4    #####..
 Cause Fear               Hex            #.........   100%        4    #####..
 Olgreb's Toxic Radiance  Pois           #.......     100%        4    #####..
 Petrify                  Tmut/Erth      #.......     100%        4    #####..
 Sticky Flame             Conj/Fire      #.......     100%        4    #####..
 Alistair's Intoxication  Tmut/Pois      #.......     100%        5    ######.
 Bolt of Magma            Conj/Fire/Erth #.........   100%        5    ######.
 Fireball                 Conj/Fire      #.........   100%        5    ######.
 Irradiate                Conj/Tmut      #.........   100%        5    ######.
 Iskenderun's Battlesphe  Conj/Chrm      #.......     100%        5    ######.
 Lee's Rapid Deconstruct  Erth           #.........   100%        5    ######.
 Lightning Bolt           Conj/Air       #.........   100%        5    ######.
 Silence                  Hex/Air        #.........   100%        5    ######.
 Venom Bolt               Conj/Pois      #.........   100%        5    ######.
 Yara's Violent Unravell  Hex/Tmut       #.........   100%        5    ######.
 Deflect Missiles         Chrm/Air       #.........   100%        6    #######
 Iron Shot                Conj/Erth      #.........   100%        6    #######
 Orb of Destruction       Conj           #.........   100%        7    #######
 Spellforged Servitor     Conj/Summ      #.........   100%        7    #######
 Discord                  Hex            #.........   100%        8    #######


Dungeon Overview and Level Annotations

Branches:
Dungeon (13/15)            Temple (0/1) D:4            Lair (6/6) D:9
  Swamp (1/4) Lair:3       Spider (4/4) Lair:3        Slime (0/5) Lair:6
    Orc (2/2) D:12            Elf (0/3) Orc:2       Ossuary (visited)
Volcano (visited)
 Vaults: D:13-14

Altars:
Ashenzari
Dithmenos
Kikubaaqudgha
Makhleb
Qazlal
Trog
Uskayaw
Vehumet
Xom
Yredelemnul
Zin
Beogh
Jiyva

Shops:
D:8 %   D:11 %   Orc:2 (=%*

Annotations:
D:2 2 transporters, Menkaure
D:11 2 transporters, namelastname112's ghost, journeyman DrAs
Lair:2 exclusion: 2 oklob plants
Lair:3 3 runed translucent doors, exclusion: 2 oklob plants, Masnef's ghost, journeyman OgWz
Spider:1 1 runed translucent door, OdinFK's ghost, journeyman OpWz


Innate Abilities, Weirdness & Mutations

You have very sharp teeth.
You are partially covered in rugged brown scales. (AC +1, +3% HP)
You are clumsy. (Dex -2)
You are frail. (-10% HP)
You are extremely resistant to the effects of hostile enchantments. (MR+++)
You passively map a small area around you.
You are weak. (Str -2)
You evolve.


Message History

The spark wasp is heavily wounded.
The spark wasp barely misses you.
You miss the spark wasp.
The spark wasp is heavily wounded.
The spark wasp stings you!
* * * LOW HITPOINT WARNING * * *
The spark wasp shocks you. You resist.
* * * LOW HITPOINT WARNING * * *
You slash the spark wasp!
You feel better.
You bite the spark wasp, but do no damage.
The spark wasp is heavily wounded.
You feel sick.
You are no longer poisoned.
The spark wasp stings you.
* * * LOW HITPOINT WARNING * * *
The spark wasp shocks you. You resist.
* * * LOW HITPOINT WARNING * * *
You feel better. The spark wasp completely misses you.
The spark wasp stings you!!
You die...

^...#...^ ^........
##^....... #.........
##.........
####..........,
##.............,
##y#............ *####
#@###.###....... *
.....######^# ....... ,
,..........##......... ,
###....^..##........,, ,
###.....##...##....... ,
,......^^.##...#.....w.
##..^
^.......^...##..#.^.....
,
........#...#...s.*s####
y
...#...###.###..ยง#,...#


You could see a spark wasp.

Vanquished Creatures
  Arachne (Spider:3)
  Agnes (Spider:1)
  An orc warlord (Orc:1)
  2 emperor scorpions
  3 ghost moths (Spider:4)
  2 entropy weavers
  Azrael (Orc:2)
  A spark wasp (Spider:4)
  Snorg (Lair:3)
  Josephine (Lair:5)
  7 hydras
  A centaur warrior (D:13)
  A dancing weapon (Volcano)
  5 two-headed ogres
  An orc high priest (Orc:1)
  3 tengu warriors (D:13)
  Sonja (Lair:5)
  A deep elf knight (Orc:1)
  2 unseen horrors
  5 wizards (Volcano)
  3 orc knights
  10 orb spiders
  A lindwurm (Lair:6)
  An orb spider (shapeshifter) (D:8)
  3 ugly things
  19 wolf spiders
  A faun (D:12)
  2 moths of wrath
  A cyclops (D:12)
  An oklob plant (Lair:2)
  8 orc sorcerers
  10 elephants
  2 torpor snails (Spider:3)
  3 black mambas
  5 toenail golems (Volcano)
  5 spiny frogs
  15 demonic crawlers
  A kobold demonologist (D:12)
  A yaktaur (D:13)
  A rime drake (Lair:3)
  4 komodo dragons
  A tengu conjurer (D:13)
  4 polar bears
  A queen bee (Lair:2)
  6 trolls
  13 hornets
  33 jumping spiders
  2 bog bodies
  2 slime creatures (D:12)
  16 blink frogs
  6 dream sheep
  13 hippogriffs
  A wandering mushroom (Lair:3)
  5 wraiths
  11 spriggans (Lair:6)
  43 yaks
  3 wyverns
  75 redbacks
  4 basilisks
  A human (D:9)
  28 tarantellas
  2 steam dragons (D:8)
  4 vampire mosquitoes
  A hungry ghost (D:8)
  10 wargs
  9 water moccasins
  4 hell hounds (Orc:2)
  2 soldier ants
  A swamp drake (Lair:1)
  6 porcupines
  22 orc warriors
  A hornet zombie (D:8)
  4 phantoms
  An ice beast (D:9)
  A sky beast (D:11)
  A necrophage (D:7)
  13 ogres
  3 black bears
  2 eyes of draining
  4 boggarts (Lair:6)
  17 wolves (Lair:6)
  25 centaurs
  14 crocodiles
  3 big kobolds
  An elf zombie (Ossuary)
  14 bullfrogs
  8 scorpions
  31 killer bees
  9 wights
  2 electric eels (Spider:2)
  2 centaur zombies (Ossuary)
  9 crimson imps
  3 bullfrog zombies
  6 bullfrog skeletons
  4 jellies
  3 hounds
  2 human zombies (Ossuary)
  9 orc priests
  4 centaur skeletons
  8 iguanas
  49 orc wizards
  Ijyb (D:4)
  13 worker ants
  A hound skeleton (D:8)
  2 mummies (Ossuary)
  2 worker ant zombies
  7 gnolls
  7 adders
  7 shadow imps
  2 oozes
  3 adder zombies
  3 worms (D:2)
  2 dart slugs
  14 leopard geckos
  88 orcs
  3 ball pythons
  6 giant cockroaches
  11 goblins
  13 hobgoblins
  12 jackals
  8 quokkas
  4 bats
  13 frilled lizards
  2 goblin zombies (Ossuary)
  11 hobgoblin zombies (Ossuary)
  A jackal zombie (D:4)
  17 kobolds
  8 kobold zombies (Ossuary)
  A leopard gecko skeleton (D:8)
  8 orc zombies (Ossuary)
  8 rats
  2 rat zombies (Ossuary)
  9 fungi
  5 plants
1014 creatures vanquished.

Vanquished Creatures (collateral kills)
  An orb spider (Spider:4)
  An orc sorcerer (Orc:2)
  A spiny frog (Lair:3)
  A polar bear (Lair:6)
  A blink frog (Lair:3)
  2 redbacks (Spider:1)
  A spriggan (Lair:6)
  A warg (Orc:2)
  2 orc warriors (Orc:2)
  A sky beast (D:11)
  A boggart (Lair:6)
  4 wolves (Lair:6)
  A crocodile (Lair:6)
  A big kobold (D:12)
  A bullfrog (D:8)
  A wight (D:8)
  A hound (D:8)
  2 orc wizards
  3 orcs (Orc:2)
  A plant (Lair:2)
28 creatures vanquished.

Vanquished Creatures (others)
  A dancing weapon (D:8)
  A demonic crawler (Spider:1)
  2 tarantellas
  2 redbacks (Spider:4)
  A necrophage (D:8)
  An orc wizard (Orc:2)
  An adder (D:8)
  2 orcs
  A giant cockroach (D:8)
  8 bushes (Lair:3)
  A fire vortex (Spider:1)
  15 fungi
  8 plants
44 creatures vanquished.

Grand Total: 1086 creatures vanquished

Notes
Turn   | Place    | Note
-------+----------+-------------------------------------------
     0 | D:1      | GordonOverkill the Human Chaos Knight began the quest for
                  | the Orb.
     0 | D:1      | Reached XP level 1. HP: 18/18 MP: 1/1
   100 | D:1      | Reached XP level 2. HP: 14/24 MP: 2/2
   424 | D:1      | XOM: harmless Air miscast
   868 | D:2      | Reached XP level 3. HP: 27/29 MP: 3/3
   881 | D:2      | XOM: harmless Pois miscast
   917 | D:2      | XOM: harmless Conj miscast
  1034 | D:2      | XOM: silly message
  1166 | D:2      | XOM: enchant monster (bad)
  1263 | D:2      | Reached XP level 4. HP: 37/37 MP: 4/4
  1370 | D:2      | Noticed a water elemental
  1374 | D:2      | Found a stormy altar of Qazlal.
  1439 | D:2      | Reached skill level 4 in Axes
  1499 | D:2      | Found a transporter.
  1557 | D:2      | Noticed a hungry ghost
  1558 | D:2      | Found an ancient bone altar of Kikubaaqudgha.
  1562 | D:2      | Noticed Menkaure
  1568 | D:2      | Found a basalt altar of Yredelemnul.
  1571 | D:2      | Found a transporter.
  1725 | D:2      | Noticed an air elemental
  1725 | D:2      | Noticed an earth elemental
  1725 | D:2      | Noticed a fire elemental
  1764 | D:3      | Reached XP level 5. HP: 32/42 MP: 5/5
  2041 | D:3      | XOM: mild Ice miscast
  2103 | D:3      | XOM: chaos cloud
  2404 | D:3      | Found a burning altar of Makhleb.
  2406 | D:3      | Found a glowing silver altar of Zin.
  2406 | D:3      | Noticed an angel
  2407 | D:3      | Noticed a green death
  2503 | D:3      | Found a bloodstained altar of Trog.
  2748 | D:3      | XOM: mild Conj miscast
  2862 | D:4      | Found a sand-covered staircase.
  2873 | D:4      | Reached XP level 6. HP: 50/50 MP: 6/6
  2898 | Ossuary  | Entered an ossuary
  2910 | Ossuary  | XOM: enchant monster (bad)
  3198 | Ossuary  | Reached skill level 5 in Fighting
  3198 | Ossuary  | Reached skill level 5 in Axes
  3463 | Ossuary  | XOM: give mutations
  3463 | Ossuary  | Gained mutation: You occasionally shout uncontrollably at
                  | your foes. [Xom's mischief]
  3463 | Ossuary  | Gained mutation: Your spells are a little easier to cast,
                  | but a little less powerful. [Xom's mischief]
  3464 | Ossuary  | XOM: summons 2 hostile shadow creatures
  3485 | Ossuary  | XOM: swap monsters
  3493 | Ossuary  | XOM: severe Erth miscast
  3509 | Ossuary  | XOM: enchant monster (bad)
  3758 | Ossuary  | Reached skill level 6 in Axes
  3758 | Ossuary  | Reached XP level 7. HP: 41/56 MP: 7/7
  3851 | Ossuary  | XOM: mild Air miscast
  3883 | Ossuary  | XOM: enchant monster (good)
  4080 | D:4      | Found a staircase to the Ecumenical Temple.
  4090 | D:4      | Noticed Ijyb
  4122 | D:4      | Killed Ijyb
  4123 | D:4      | XOM: potion effect (haste)
  4311 | D:4      | XOM: silly message
  4434 | D:4      | XOM: divination: detect items
  4462 | D:4      | Reached skill level 1 in Shields
  4821 | D:4      | Reached skill level 7 in Axes
  5199 | D:4      | XOM: silly message
  5383 | D:4      | XOM: divination: detect creatures
  5400 | D:5      | Entered Level 5 of the Dungeon
  5424 | D:5      | Found a shadowy altar of Dithmenos.
  5669 | D:5      | Reached XP level 8. HP: 62/62 MP: 8/8
  5928 | D:5      | Found a shattered altar of Ashenzari.
  5934 | D:5      | XOM: potion effect (might)
  5938 | D:5      | Reached skill level 1 in Throwing
  6590 | D:6      | XOM is BORED!
  6590 | D:6      | XOM: confusion
  6722 | D:6      | XOM: give mutation
  6722 | D:6      | Gained mutation: Your body sometimes deteriorates upon
                  | taking damage. [Xom's mischief]
  6726 | D:6      | XOM: give mutations
  6726 | D:6      | Gained mutation: Scrolls take you a little longer to read.
                  | [Xom's mischief]
  6726 | D:6      | Lost mutation: Scrolls take you a little longer to read.
                  | [Xom's mischief]
  6943 | D:7      | XOM: divination: magic mapping
  7048 | D:7      | XOM: confuse monster(s)
  7120 | D:7      | XOM: divination: detect creatures
  7293 | D:7      | Reached XP level 9. HP: 69/69 MP: 9/9
  7299 | D:7      | XOM: enchant monster (good)
  7323 | D:7      | XOM: snakes to sticks
  7526 | D:7      | XOM: harmless Chrm miscast
  7635 | D:7      | Reached skill level 8 in Axes
  7673 | D:7      | XOM: potion effect (curing)
  7872 | D:7      | XOM: give mutations
  7872 | D:7      | Gained mutation: You are robust. (+10% HP) [Xom's grace]
  7872 | D:7      | Gained mutation: You are partially covered in slimy green
                  | scales. (AC +2) [Xom's grace]
  8029 | D:8      | Found Utogirid's Food Emporium.
  8065 | D:8      | XOM: 5-stop teleportation journey
  8173 | D:8      | XOM is BORED!
  8289 | D:8      | XOM: 2-stop teleportation journey
  8350 | D:8      | Reached skill level 5 in Throwing
  8353 | D:8      | XOM: polymorph ice beast -> steam dragon
  8364 | D:8      | XOM: polymorph adder -> shapeshifter
  8364 | D:8      | Noticed a salamander
  8364 | D:8      | a shapeshifter changed into a salamander
  8369 | D:8      | Reached skill level 9 in Axes
  8378 | D:8      | XOM: fog
  8382 | D:8      | Noticed a swamp dragon
  8382 | D:8      | a salamander changed into a swamp dragon
  8549 | D:7      | XOM: god gift: lamp of fire
  8711 | D:8      | Noticed a two-headed ogre
  8736 | D:8      | Killed a two-headed ogre
  8736 | D:8      | Reached skill level 10 in Axes
  8736 | D:8      | Reached XP level 10. HP: 55/83 MP: 10/10
  8749 | D:8      | Reached skill level 11 in Axes
  8989 | D:8      | Noticed an orb spider
  8989 | D:8      | a troll changed into an orb spider
  8995 | D:8      | Killed an orb spider
  9033 | D:8      | XOM: divine lightning
  9035 | D:8      | Noticed a komodo dragon
  9069 | D:8      | Killed a komodo dragon
  9069 | D:8      | Reached skill level 12 in Axes
  9127 | D:7      | XOM: harmless Ice miscast
  9405 | D:8      | XOM: summons 2 hostile demons
  9659 | D:8      | XOM: harmless Fire miscast
 10238 | D:8      | XOM: give mutations
 10238 | D:8      | Gained mutation: Armour fits poorly on your strangely
                  | shaped body. [Xom's mischief]
 10238 | D:8      | Gained mutation: You have a pair of small antennae on your
                  | head. [Xom's mischief]
 10238 | D:8      | Gained mutation: Your body often deteriorates upon taking
                  | damage. [Xom's mischief]
 10239 | D:8      | Lost mutation: Your spells are a little easier to cast, but
                  | a little less powerful. [potion of mutation]
 10239 | D:8      | Lost mutation: You have a pair of small antennae on your
                  | head. [potion of mutation]
 10239 | D:8      | Lost mutation: Your body often deteriorates upon taking
                  | damage. [potion of mutation]
 10239 | D:8      | Lost mutation: You occasionally shout uncontrollably at
                  | your foes. [potion of mutation]
 10239 | D:8      | Gained mutation: You do not regenerate when monsters are
                  | visible. [potion of mutation]
 10239 | D:8      | Gained mutation: You are partially covered in yellow
                  | scales. (AC +2) [potion of mutation]
 10240 | D:8      | Lost mutation: Armour fits poorly on your strangely shaped
                  | body. [potion of mutation]
 10240 | D:8      | Lost mutation: Your body sometimes deteriorates upon taking
                  | damage. [potion of mutation]
 10240 | D:8      | Gained mutation: You have a somewhat thin skeletal
                  | structure. (Dex +2, Stealth) [potion of mutation]
 10240 | D:8      | Gained mutation: You have a pair of small antennae on your
                  | head. [potion of mutation]
 10273 | D:9      | Found a hide-covered altar of Uskayaw.
 10318 | D:9      | Found a radiant altar of Vehumet.
 10334 | D:9      | XOM: noise
 10371 | D:9      | XOM: summons 1 hostile shadow creature
 10542 | D:9      | Noticed a +0 hand axe
 10542 | D:9      | Noticed a +0 dagger
 10544 | D:9      | Noticed a two-headed ogre
 10554 | D:9      | Killed a two-headed ogre
 10554 | D:9      | Reached XP level 11. HP: 65/91 MP: 11/11
 10658 | D:9      | XOM: polymorph warg -> hornet
 10660 | D:9      | XOM: 2-stop teleportation journey
 10689 | D:9      | XOM: harmless Pois miscast
 10698 | D:9      | Identified a scroll of acquirement
 10785 | D:9      | XOM: silly message
 10954 | D:9      | XOM: summons 1 hostile shadow creature
 10985 | D:9      | XOM: mild Tloc miscast
 10994 | D:9      | XOM: enchant monster (bad)
 11180 | D:9      | Found a staircase to the Lair.
 11243 | D:9      | XOM: confusion
 11246 | D:9      | Paralysed by a hornet for 2 turns
 11477 | D:9      | XOM: god gift: 58 gold pieces
 11486 | D:10     | Entered Level 10 of the Dungeon
 11504 | D:10     | XOM: noise
 11507 | D:10     | XOM: harmless Air miscast
 11509 | D:10     | XOM: scenery: create altars
 11845 | D:10     | XOM: harmless Ice miscast
 11866 | D:10     | XOM: summons 5 hostile demons
 11867 | D:10     | Noticed a soul eater
 12043 | D:10     | XOM: noise
 12092 | D:10     | XOM: scenery: create altars
 12344 | D:10     | XOM: swap monsters
 12350 | D:10     | XOM: swap monsters
 12375 | D:10     | XOM: summons 3 friendly demons
 12768 | D:10     | Noticed an orc knight
 12787 | D:10     | XOM: harmless Conj miscast
 12808 | D:10     | Killed an orc knight
 12964 | D:10     | XOM: noise
 12981 | D:10     | XOM: blink monster(s)
 13043 | D:10     | XOM: noise
 13207 | D:11     | XOM: medium Hex miscast
 13408 | D:11     | Found a transporter.
 13417 | D:11     | Found a transporter.
 13422 | D:11     | Found a bloodstained altar of Trog.
 13422 | D:11     | Identified the cursed +3 flail of Prudence {distort, Int+4}
 13422 | D:11     | Noticed a tengu warrior
 13422 | D:11     | Noticed a moth of wrath
 13422 | D:11     | Noticed namelastname112's ghost (journeyman DrAs)
 13515 | D:11     | XOM: polymorph centaur -> ogre
 13518 | D:11     | Reached skill level 13 in Axes
 13520 | D:11     | XOM: chaos upgrade
 13530 | D:11     | XOM: noise
 13531 | D:11     | XOM: noise
 13533 | D:11     | XOM: summons 2 hostile shadow creatures
 13541 | D:11     | XOM: swap monsters
 13652 | D:11     | XOM: cast spell 'Shadow Creatures'
 13674 | D:11     | XOM: harmless Tloc miscast
 13694 | D:11     | Noticed a two-headed ogre
 13709 | D:11     | Killed a two-headed ogre
 13709 | D:11     | Reached XP level 12. HP: 71/101 MP: 12/12
 13987 | D:11     | Found Ituzyzxi's Food Shop.
 14004 | D:11     | XOM: summons friendly ufetubus
 14020 | D:11     | XOM: summons friendly white imp
 14053 | D:11     | Killed an unseen horror
 14082 | D:11     | Identified the +4 great mace of Ciguf {crush, MR+}
 14082 | D:11     | Noticed a two-headed ogre
 14310 | D:11     | XOM: cloud trail
 14323 | D:11     | XOM: god gift: 8 datura-tipped darts
 14516 | D:12     | Found a staircase to the Orcish Mines.
 14728 | D:12     | Reached skill level 14 in Axes
 14809 | D:12     | XOM: god gift: book of Minor Magic
 14833 | D:12     | XOM: cast spell 'Chain of Chaos'
 14852 | D:12     | XOM: polymorph slime creature -> faun
 14868 | D:12     | XOM: 7-stop teleportation journey
 14875 | D:12     | Reached skill level 1 in Evocations
 14935 | D:12     | XOM: give mutations
 14935 | D:12     | Gained mutation: You are clumsy. (Dex -2) [Xom's mischief]
 14935 | D:12     | Gained mutation: You are weak. (Str -2) [Xom's mischief]
 15070 | D:12     | Noticed a four-headed hydra
 15098 | D:12     | XOM: smoke on damage
 15122 | D:11     | XOM: divination: detect items
 15377 | D:11     | XOM: divination: detect creatures
 15437 | D:11     | XOM: cast spell 'Summon Hydra'
 15440 | D:11     | Killed a four-headed hydra
 15489 | Lair:1   | Entered Level 1 of the Lair of Beasts
 15520 | Lair:1   | XOM: enchant monster (good)
 15539 | Lair:1   | XOM: potion effect (heal wounds)
 15545 | D:9      | XOM: potion effect (brilliance)
 15827 | Lair:1   | XOM is BORED!
 15827 | Lair:1   | XOM: harmless Necr miscast
 15864 | Lair:1   | XOM: harmless Air miscast
 15937 | Lair:1   | XOM: potion effect (heal wounds)
 16146 | Lair:1   | XOM: harmless Pois miscast
 16158 | Lair:1   | XOM: cast spell 'Summon Small Mammal'
 16179 | Lair:1   | XOM: enchant monster (good)
 16242 | Lair:1   | Reached skill level 5 in Armour
 16360 | Lair:1   | Reached skill level 5 in Dodging
 16794 | Lair:2   | Noticed a six-headed hydra
 16859 | Lair:2   | Reached XP level 13. HP: 89/108 MP: 15/15
 16935 | Lair:2   | XOM: give mutation
 16935 | Lair:2   | Lost mutation: You are partially covered in yellow scales.
                  | (AC +2) [Xom's mischief]
 17026 | Lair:2   | Noticed an eight-headed hydra
 17232 | Lair:2   | XOM: blink monster(s)
 17234 | Lair:2   | XOM: destruction
 17238 | Lair:2   | Killed a six-headed hydra
 17265 | Lair:2   | XOM: give mutations
 17265 | Lair:2   | Lost mutation: You are robust. (+10% HP) [Xom's mischief]
 17265 | Lair:2   | Lost mutation: You are weak. (Str -2) [Xom's mischief]
 17265 | Lair:2   | Gained mutation: You are weak. (Str -2) [Xom's mischief]
 17265 | Lair:2   | Lost mutation: You are weak. (Str -2) [Xom's mischief]
 17289 | Lair:2   | XOM: enchant monster (bad)
 17322 | Lair:2   | XOM: noise
 17468 | Lair:2   | Killed an eight-headed hydra
 17623 | Lair:2   | XOM: give mutations
 17623 | Lair:2   | Gained mutation: You are somewhat resistant to further
                  | mutation. [Xom's grace]
 17623 | Lair:2   | Gained mutation: Your mind is acute. (Int +2) [Xom's grace]
 17623 | Lair:2   | Gained mutation: You are somewhat resistant to both further
                  | mutation and mutation removal. [Xom's grace]
 17721 | Lair:2   | XOM: god gift: 18 stones
 17767 | Lair:2   | XOM: smoke on damage
 17914 | Lair:2   | XOM: god gift: scroll of fear
 17967 | Lair:2   | XOM: harmless Necr miscast
 18018 | Lair:2   | XOM: harmless Necr miscast
 18036 | Lair:2   | XOM: cleaving
 18148 | Lair:2   | XOM: cleaving
 18165 | Lair:2   | XOM: confuse monster(s)
 18222 | Lair:2   | XOM is BORED!
 18222 | Lair:2   | XOM: mild Necr miscast
 18239 | Lair:2   | XOM: summons friendly iron imp
 18242 | Lair:2   | XOM: enchant monster (good)
 18291 | Lair:2   | XOM: summons 2 friendly demons
 18304 | Lair:2   | XOM: enchant monster (good)
 18574 | Lair:2   | XOM: scenery: create altars
 18827 | Lair:2   | Got a polished helmet
 18830 | Lair:2   | Lost mutation: You are somewhat resistant to both further
                  | mutation and mutation removal. [potion of mutation]
 18830 | Lair:2   | Lost mutation: You are clumsy. (Dex -2) [potion of
                  | mutation]
 18830 | Lair:2   | Lost mutation: You have a somewhat thin skeletal structure.
                  | (Dex +2, Stealth) [potion of mutation]
 18830 | Lair:2   | Gained mutation: Scrolls take you a little longer to read.
                  | [potion of mutation]
 18831 | Lair:2   | Lost mutation: Your mind is acute. (Int +2) [potion of
                  | mutation]
 18831 | Lair:2   | Lost mutation: Scrolls take you a little longer to read.
                  | [potion of mutation]
 18832 | Lair:2   | Lost mutation: You are somewhat resistant to further
                  | mutation. [potion of mutation]
 18832 | Lair:2   | Lost mutation: You are partially covered in slimy green
                  | scales. (AC +2) [potion of mutation]
 18832 | Lair:2   | Lost mutation: You have a pair of small antennae on your
                  | head. [potion of mutation]
 18832 | Lair:2   | Lost mutation: You do not regenerate when monsters are
                  | visible. [potion of mutation]
 18832 | Lair:2   | Gained mutation: You are weak. (Str -2) [potion of
                  | mutation]
 18832 | Lair:2   | Gained mutation: You are resistant to hostile enchantments.
                  | (MR+) [potion of mutation]
 18838 | Lair:2   | Identified the +0 helmet of the Bagpipe {rPois rC- MR+}
                  | (You found it on level 2 of the Lair of Beasts)
 18877 | Lair:2   | XOM: cloud trail
 18925 | Lair:3   | XOM: confuse monster(s)
 18926 | Lair:3   | XOM: polymorph hippogriff -> moth of wrath
 18929 | Lair:3   | XOM: enchant monster (bad)
 19248 | Lair:3   | XOM: noise
 19253 | Lair:3   | XOM: noise
 19255 | Lair:3   | XOM: polymorph oklob plant -> wandering mushroom
 19259 | Lair:3   | XOM: summons friendly quasit
 19269 | Lair:3   | Noticed Snorg
 19285 | Lair:3   | Killed Snorg
 19326 | Lair:3   | Reached skill level 15 in Axes
 19353 | Lair:3   | Reached skill level 5 in Evocations
 19357 | Lair:3   | XOM: destruction
 19358 | Lair:3   | XOM: divination: detect creatures
 19367 | Lair:3   | Noticed a four-headed hydra
 19377 | Lair:3   | Killed a four-headed hydra
 19512 | Lair:3   | XOM: 4-stop teleportation journey
 19547 | Lair:3   | Found a hole to the Spider Nest.
 19781 | Lair:3   | Found a staircase to the Swamp.
 19806 | Lair:3   | Noticed Masnef's ghost (journeyman OgWz)
 19807 | Lair:3   | Found a runed translucent gate.
 19807 | Lair:3   | Found a runed translucent gate.
 19807 | Lair:3   | Found a runed translucent gate.
 20575 | Lair:4   | Noticed a four-headed hydra
 20582 | Lair:4   | XOM: confuse monster(s)
 20597 | Lair:4   | Killed a four-headed hydra
 20642 | Lair:4   | XOM: confuse monster(s)
 20643 | Lair:4   | XOM: divination: magic mapping
 20646 | Lair:4   | XOM: cast spell 'Summon Ice Beast'
 20662 | Lair:4   | Reached XP level 14. HP: 80/107 MP: 18/18
 20670 | Lair:4   | XOM: cast spell 'Leda's Liquefaction'
 20761 | Lair:4   | XOM: mild Tmut miscast
 21081 | Lair:4   | XOM: blink monster(s)
 21141 | Lair:4   | XOM: summons 7 hostile demons
 21496 | Lair:4   | Got a polished war axe
 21497 | Lair:4   | Identified the cursed +2 war axe of the Median {drain,
                  | Dex+2} (You found it on level 4 of the Lair of Beasts)
 21596 | Lair:5   | XOM: smoke on damage
 21635 | Lair:5   | XOM: summons friendly ufetubus
 21640 | Lair:5   | XOM: mild Tmut miscast
 21733 | Lair:5   | Noticed Sonja
 21742 | Lair:5   | Killed Sonja
 21903 | Lair:5   | Reached skill level 16 in Axes
 21904 | Lair:5   | XOM: confusion
 21996 | Lair:5   | XOM: 1-stop teleportation journey
 22099 | Lair:5   | Noticed Josephine
 22105 | Lair:5   | XOM: enchant monster (bad)
 22109 | Lair:5   | Killed Josephine
 22121 | Lair:5   | XOM: cast spell 'Summon Ice Beast'
 22526 | Lair:6   | Entered Level 6 of the Lair of Beasts
 22624 | Lair:6   | XOM: silly message
 22722 | Lair:6   | Found a viscous altar of Jiyva.
 22723 | Lair:6   | Found a staircase to the Slime Pits.
 22763 | Lair:6   | XOM: harmless Necr miscast
 22766 | Lair:6   | XOM: harmless Erth miscast
 22837 | Lair:6   | XOM: swap monsters
 22838 | Lair:6   | Found a dark tunnel.
 22871 | Volcano  | Entered a volcano
 23095 | Volcano  | XOM: enchant monster (bad)
 23202 | Volcano  | Reached skill level 10 in Throwing
 23259 | Volcano  | Reached skill level 10 in Fighting
 23273 | Volcano  | XOM: harmless Tloc miscast
 23453 | Volcano  | XOM: swap monsters
 23466 | Volcano  | XOM: confusion
 23470 | Volcano  | XOM: noise
 23676 | Lair:6   | XOM: harmless Erth miscast
 23700 | Lair:6   | XOM: scenery: create altars
 23700 | Lair:6   | Paralysed by a hornet for 1 turns
 23821 | Lair:6   | Reached XP level 15. HP: 63/116 MP: 20/20
 24019 | Lair:6   | XOM: stat loss: -1 Dex (14/15)
 24068 | Lair:6   | XOM: enchant monster (bad)
 24302 | Lair:6   | XOM: chaos upgrade
 24308 | Lair:6   | XOM: swap monsters
 24323 | Lair:6   | XOM: scenery: create altars
 24335 | Lair:6   | XOM: polymorph hippogriff -> floating eye
 24339 | Lair:6   | Paralysed by a floating eye for 4 turns
 24356 | Lair:6   | XOM: god gift: glowing broad axe {god gift}
 24690 | Lair:6   | XOM: divination: detect items
 25094 | Lair:2   | XOM: mild Tloc miscast
 25169 | D:10     | XOM: god gift: 28 gold pieces
 25227 | D:12     | XOM: summons 13 friendly demons
 25571 | D:12     | XOM: give mutations
 25571 | D:12     | Gained mutation: You are agile. (Dex +2) [Xom's grace]
 25571 | D:12     | Gained mutation: You passively map a small area around you.
                  | [Xom's grace]
 25698 | D:12     | XOM: god gift: gnarled runed staff {god gift}
 25728 | D:13     | XOM: divination: magic mapping
 25744 | D:13     | XOM: enchant monster (bad)
 25754 | D:13     | XOM: polymorph something unseen -> yaktaur
 25793 | D:13     | XOM: give mutations
 25793 | D:13     | Lost mutation: You are agile. (Dex +2) [Xom's mischief]
 25793 | D:13     | Gained mutation: You evolve. [Xom's mischief]
 25793 | D:13     | Gained mutation: You are clumsy. (Dex -2) [Xom's mischief]
 25852 | D:13     | XOM: potion effect (magic)
 25856 | D:13     | XOM: harmless Hex miscast
 25872 | D:13     | XOM: divination: detect items
 25972 | D:13     | XOM: harmless Summ miscast
 26185 | D:13     | Reached skill level 17 in Axes
 26201 | D:13     | XOM: confuse monster(s)
 26219 | D:13     | XOM: medium Pois miscast
 26332 | Orc:1    | Entered Level 1 of the Orcish Mines
 26387 | Orc:1    | Noticed an orc warlord
 26392 | Orc:1    | XOM: blink monster(s)
 26423 | Orc:1    | XOM: blink monster(s)
 26441 | Orc:1    | XOM: summons friendly iron imp
 26456 | Orc:1    | Killed an orc warlord
 26809 | Orc:1    | XOM: fog
 27072 | Orc:2    | Entered Level 2 of the Orcish Mines
 27145 | Orc:2    | XOM: smoke on damage
 27253 | Orc:2    | Noticed Azrael
 27257 | Orc:2    | XOM: destruction
 27276 | Orc:2    | XOM: swap monsters
 27287 | Orc:2    | XOM: potion effect (curing)
 27289 | Orc:2    | XOM: summons 2 friendly demons
 27323 | Orc:2    | Killed Azrael
 27335 | Orc:2    | XOM: cast spell 'Cause Fear'
 27351 | Orc:2    | XOM: polymorph orc wizard -> killer bee
 27449 | Orc:2    | XOM: medium Pois miscast
 27490 | Orc:2    | Found Gothrarph's Assorted Antiques.
 27490 | Orc:2    | Found Uppikaiv's Food Boutique.
 27492 | Orc:2    | XOM: cast spell 'Leda's Liquefaction'
 27535 | Orc:2    | Found a roughly hewn altar of Beogh.
 27582 | Orc:2    | Reached XP level 16. HP: 127/127 MP: 21/21
 27608 | Orc:2    | Found a staircase to the Elven Halls.
 27640 | Orc:2    | Reached skill level 18 in Axes
 27648 | Orc:2    | Found Qigeun's Jewellery Emporium.
 27648 | Orc:2    | Found Winirun's Antique Weapon Boutique.
 27680 | Orc:2    | Bought the ring "Udiubutu" {rN+ Str+6} for 396 gold pieces
 27719 | Orc:2    | Bought a scroll of magic mapping for 126 gold pieces
 27719 | Orc:2    | Bought a potion of cancellation for 288 gold pieces
 27719 | Orc:2    | Bought a scroll labeled JOIVVU VUCH for 36 gold pieces
 27719 | Orc:2    | Bought a scroll of enchant armour for 270 gold pieces
 27719 | Orc:2    | Bought a scroll labeled TUINEU HY TEGH for 36 gold pieces
 27719 | Orc:2    | Bought 3 scrolls of identify for 216 gold pieces
 27719 | Orc:2    | Bought a scroll of identify for 72 gold pieces
 28069 | Orc:2    | XOM: harmless Erth miscast
 28074 | Orc:2    | XOM: harmless Summ miscast
 28652 | Swamp:1  | Entered Level 1 of the Swamp
 28660 | Swamp:1  | XOM: butterfly on damage
 28890 | Spider:1 | Entered Level 1 of the Spider Nest
 28896 | Spider:1 | XOM: confuse monster(s)
 28901 | Spider:1 | XOM: blink monster(s)
 28902 | Spider:1 | XOM: cast spell 'Statue Form'
 28955 | Spider:1 | XOM: smoke on damage
 28958 | Spider:1 | Gained mutation: You have a beak for a mouth. [evolution]
 28960 | Spider:1 | XOM: confusion
 28969 | Spider:1 | XOM: blink monster(s)
 28982 | Spider:1 | XOM: enchant monster (bad)
 29035 | Spider:1 | XOM: 4-stop teleportation journey
 29050 | Spider:1 | XOM: enchant monster (good)
 29177 | Spider:1 | XOM: harmless Necr miscast
 29682 | Spider:1 | You fall into a shaft and drop 1 floor!
 29685 | Spider:2 | Noticed Agnes
 29690 | Spider:2 | XOM: smoke on damage
 29694 | Spider:2 | XOM: divination: magic mapping
 29698 | Spider:2 | XOM: smoke on damage
 30168 | Spider:1 | Found a runed translucent door.
 30168 | Spider:1 | Noticed OdinFK's ghost (journeyman OpWz)
 30245 | Spider:1 | XOM: give mutations
 30245 | Spider:1 | Lost mutation: You have a beak for a mouth. [Xom's grace]
 30245 | Spider:1 | Gained mutation: You have very sharp teeth. [Xom's grace]
 30245 | Spider:1 | Gained mutation: You are highly resistant to hostile
                  | enchantments. (MR++) [Xom's grace]
 30245 | Spider:1 | Gained mutation: You are extremely resistant to the effects
                  | of hostile enchantments. (MR+++) [Xom's grace]
 30245 | Spider:1 | Gained mutation: You are partially covered in rugged brown
                  | scales. (AC +1, +3% HP) [Xom's grace]
 30246 | Spider:1 | XOM: god gift: long sword {god gift}
 30269 | Spider:1 | XOM: scenery: create altars
 30435 | Spider:2 | XOM: enchant monster (good)
 30437 | Spider:1 | XOM: cast spell 'Summon Butterflies'
 30447 | Spider:1 | Killed Agnes
 30455 | Spider:1 | XOM: mild Erth miscast
 30530 | Spider:2 | XOM: confuse monster(s)
 30532 | Spider:2 | XOM: potion effect (might)
 30536 | Spider:2 | XOM: noise
 30575 | Spider:2 | XOM: divination: detect items
 30600 | Spider:1 | XOM: mild Fire miscast
 30813 | Spider:2 | XOM: confusion (+ monsters)
 30874 | Spider:2 | XOM: 1-stop teleportation journey
 30875 | Spider:2 | XOM: enchant monster (good)
 31215 | Spider:2 | XOM: enchant monster (bad)
 31216 | Spider:2 | XOM: swap monsters
 31492 | Spider:3 | XOM: repel stairs
 31509 | Spider:3 | XOM: 1-stop teleportation journey
 31542 | Spider:3 | Reached skill level 10 in Armour
 31919 | Spider:3 | XOM: confusion (+ monsters)
 31976 | Spider:3 | XOM: harmless Tmut miscast
 32043 | Spider:3 | XOM: harmless Fire miscast
 32050 | Spider:3 | Reached XP level 17. HP: 142/142 MP: 22/22
 32175 | Spider:3 | XOM: noise
 32372 | Spider:4 | Entered Level 4 of the Spider Nest
 32469 | Spider:4 | XOM: enchant monster (bad)
 32475 | Spider:4 | XOM: noise
 32494 | Spider:3 | XOM: potion effect (experience)
 32494 | Spider:3 | Reached skill level 15 in Fighting
 32494 | Spider:3 | Reached XP level 18. HP: 153/153 MP: 23/23
 32703 | Spider:4 | Noticed Arachne
 32891 | Spider:3 | Killed Arachne
 33123 | Spider:4 | XOM: harmless Conj miscast
 33197 | Spider:4 | XOM: fog
 33205 | Spider:4 | XOM: confusion (+ monsters)
 33280 | Spider:4 | XOM: cleaving
 33333 | Spider:4 | XOM: 2-stop teleportation journey
 33335 | Spider:4 | XOM: noise
 33471 | Spider:4 | Gained mutation: You are frail. (-10% HP) [evolution]
 33524 | Spider:4 | XOM: enchant monster (bad)
 33876 | Spider:4 | XOM: summons 5 friendly demons
 33884 | Spider:4 | XOM: summons 4 friendly demons
 34131 | Spider:4 | XOM: enchant monster (good)
 34134 | Spider:4 | XOM: divination: detect creatures
 34145 | Spider:4 | XOM: divination: detect creatures
 34159 | Spider:4 | XOM: summons 2 friendly demons
 34194 | Spider:4 | Slain by a spark wasp

Levels and vault maps discovered:
D:1:      psy_arrival_radial01, layout_loops_ring, minmay_misc_feat_cross,
          minmay_close_crescents
D:2:      layout_basic, gammafunk_temple_of_torment,
          nicolae_qazlal_style_of_elements
D:3:      layout_loops_ring, grunt_temple_overflow_order_and_chaos_2,
          lemuel_coloured_pillars_altar, first_ration, hangedman_feature_mirror
D:4:      layout_basic, minmay_temple_entry_hall, enter_ossuary_1,
          minmay_misc_feat_encased, minmay_goblin_kobold_house, uniq_ijyb,
          uniq_menkaure
D:5:      layout_cave_pods, grunt_dithmenos_shadows, solitary_fountain,
          ashenzari_altar_1
D:6:      layout_gridville
D:7:      cheibrodos_helix_gallery, layout_basic
D:8:      minmay_imperfect_grid, layout_loops_ring, serial_shops, shop
D:9:      layout_irregular_city, lemuel_doored_altar, dancing_weapons_uskayaw,
          erik_lair_orcish_takeover, grunt_pizzeria
D:10:     layout_rooms, kb_rosetta
D:11:     layout_roguey, serial_shops, nicolae_shop_crystal,
          gammafunk_ghost_wrathful_warriors, kennysheep_small_square
D:12:     layout_basic, david_orc_2, drop_trap, roderic_roman_lattice
D:13:     layout_rooms, minmay_orc_keep
Lair:1:   lemuel_reptile_caves, layout_hall_layers, serial_rivers,
          chequers_serial_rivers_large_a, chequers_serial_rivers_micro_d,
          chequers_serial_rivers_room_b, chequers_serial_rivers_small_b,
          chequers_serial_rivers_small_b
Lair:2:   minmay_lair_oklob_tunnel, layout_long_grid, special_room
          [special_room_bee], gauntlet_entry_generic
Lair:3:   dpeg_oklob_gauntlet, layout_regular_city, skrybe_swamp_entry_bodies,
          dummy_spider_entry, ebering_ghost_rock_garden,
          minmay_lair_oklob_bushes, hangedman_lair_unloving_vines,
          serial_bayou_shore_b, lemuel_fruit_fields, lemuel_fruit_fields,
          uniq_snorg
Lair:4:   layout_regular_city
Lair:5:   layout_roguey, grunt_megastairs_2, serial_bayou_shore_b,
          infiniplex_staircase_pool, uniq_josephine, uniq_sonja
Lair:6:   minmay_lair_end_enchanted_forest, layout_regular_city, slime_altar_1,
          nicolae_volcano_entry_vermiform, nicolae_quartered_pool_medium,
          serial_bayou_shore_b
Swamp:1:  layout_falls_marsh, evilmike_swamp_ruin_house_6, swamp_pool5
Spider:1: layout_spider_delve, ebering_ghost_reflecting_pool
Spider:2: layout_spider_delve, uniq_agnes
Spider:3: layout_spider_delve
Spider:4: johnstein_spider_rune_arachne_lair
Orc:1:    layout_caves, elf_legates
Orc:2:    st_orc_town, layout_caves, uniq_azrael

Skill      XL: |  1  2  3  4  5  6  7  8  9 10 11 12 13 14 15 16 17 18 |
---------------+-------------------------------------------------------+-----
Fighting       | 4 5 6 8 9 10 12 13 15 | 15.0
Axes           | 4 6 7 10 12 13 14 15 16 17 18 | 18.0
Shields        | 2 4 |  4.0
Throwing       | 3 5 7 8 9 10 11 | 11.9
Dodging        | 2 4 5 6 7 |  7.8
Armour         | 3 4 5 6 8 10 11 | 11.1
Evocations     | 2 6 7 |  7.0

Action                   |  1- 3 |  4- 6 |  7- 9 | 10-12 | 13-15 | 16-18 || total
-------------------------+-------+-------+-------+-------+-------+-------++-------
Melee: Hand axe          |    81 |   243 |    36 |   621 |   574 |       ||  1555
       Whip              |       |    10 |   384 |   138 |    36 |       ||   568
       Flail             |       |       |       |   202 |       |       ||   202
       War axe           |       |       |       |    29 |   531 |       ||   560
       Broad axe         |       |       |       |       |   561 |   767 ||  1328
       Bite              |       |       |       |       |       |    65 ||    65
       Peck              |       |       |       |       |       |    19 ||    19
       Scimitar          |       |       |       |       |       |     2 ||     2
 Fire: Hunting sling     |       |       |    10 |       |       |       ||    10
Throw: Stone             |    48 |   165 |    51 |   132 |    28 |       ||   424
       Boomerang         |       |       |    61 |   136 |    93 |   210 ||   500
       Javelin           |       |       |       |     2 |     2 |    28 ||    32
 Abil: Evoke Berserk Rag |       |       |       |       |     3 |     2 ||     5
Evoke: Wand              |       |       |     2 |    18 |    27 |     8 ||    55
       Lamp of fire      |       |       |     1 |       |     1 |       ||     2
  Use: Scroll            |       |     8 |    14 |     8 |    10 |    15 ||    55
       Potion            |       |     1 |     3 |     7 |    14 |     7 ||    32
 Stab: Petrified         |       |     8 |     3 |       |       |     3 ||    14
       Petrifying        |       |     1 |       |       |       |       ||     1
       Paralysed         |       |     3 |     4 |     2 |     2 |     5 ||    16
       Invisible         |       |       |       |     1 |    11 |       ||    12
       Distracted        |       |       |       |     1 |     3 |       ||     4
       Sleeping          |       |       |       |     1 |     1 |       ||     2
       Confused          |       |       |       |       |     4 |     1 ||     5
  Eat: Chunk             |     1 |     4 |    12 |    23 |    31 |     8 ||    79
       Ration            |       |     1 |     2 |     1 |     2 |     5 ||    11
Armor: Leather armour    |    26 |    75 |   139 |   293 |   196 |       ||   729
       Scale mail        |       |       |       |       |   249 |       ||   249
       Chain mail        |       |       |       |       |    80 |   548 ||   628
       Skin              |       |       |       |       |       |    90 ||    90
Dodge: Dodged            |    55 |   112 |   153 |   514 |   960 |   794 ||  2588
Block: Buckler           |       |       |    93 |   234 |   433 |   314 ||  1074
       Rpst.: Scimitar   |       |       |       |       |       |     1 ||     1
